 Dungeon Crawl Stone Soup version 0.29.1-12-g30fa7ad0bf (webtiles) character file.

Game seed: 11952750576975176408

15 hawla the Firebug (level 2, 0/20 HPs)
             Began as a Meteoran Fire Elementalist on Jan 13, 2023.
             Slain by a bat (1 damage)
             ... on level 2 of the Dungeon.
             The game lasted 00:00:31 (37 turns).

hawla the Firebug (Meteoran Fire Elementalist)        Turns: 37, Time: 00:00:32

Health: 0/20       AC:  2    Str:  9    XL:     2   Next: 88%
Magic:  2/7        EV: 12    Int: 16    God:
Gold:   0          SH:  0    Dex: 14    Spells: 6/7 levels left

rFire   . . .      SeeInvis .   (no weapon)
rCold   . . .      Faith    .   (no shield)
rNeg    . . .      Spirit   .   a - +0 robe
rPois   .          Reflect  .   (no helmet)
rElec   .          Harm     .   (no cloak)
rCorr   .          Rampage  .   (no gloves)
Will    .....                   (no boots)
Stlth   +.........              (no amulet)
HPRegen 0.06/turn               (no ring)
MPRegen 0.10/turn               (no ring)

@: glowing
A: sense surroundings 1, otherworldly, glowing, explore regen
a: no special abilities


You were on level 2 of the Dungeon.
You visited 1 branch of the dungeon, and saw 2 of its levels.

Inventory:

Armour
 a - a +0 robe (worn)
Scrolls
 c - a scroll of teleportation {unknown}
Potions
 b - a potion of magic


   Skills:
 + Level 2.5 Dodging
 - Level 1.4 Stealth
 + Level 3.0 Spellcasting
 + Level 1.2 Conjurations
 + Level 4.3 Fire Magic


You had 6 spell levels left.
You knew the following spells:

 Your Spells              Type           Power      Damage    Failure   Level
a - Foxfire               Conj/Fire      44%        2x1d6     6%          1

Your spell library contained the following spells:

 Spells                   Type           Power      Damage    Failure   Level
 Scorch                   Fire           32%        2d7       4%          2
 Conjure Flame            Conj/Fire      11%        6-21      19%         3
 Inner Flame              Hex/Fire       9%         N/A       22%         3
 Flame Wave               Conj/Fire      11%        2d6       52%         4


Dungeon Overview and Level Annotations

Branches:
Dungeon (2/15) Zot: 1162

Altars:


Innate Abilities, Weirdness & Mutations

You passively map a small area around you.
You are easily found by Zot.
You glow in the dark.
You regain HP and MP as you explore.


Message History

The adder is almost dead.
You feel sick.
The foxfire hits the hobgoblin.
The hobgoblin is moderately wounded.
The foxfire hits the rat.
You kill the rat!
The adder barely misses you.
The hobgoblin hits you but does no damage.
You have reached level 2!
Casting: Foxfire (safe; 7% risk of failure)
Confirm with . or Enter, or press ? or * to list all spells.
You conjure some foxfire!
You feel sick. The adder closely misses you. The hobgoblin hits you.
* * * LOW HITPOINT WARNING * * *
You miss the adder.
The adder is almost dead.
* * * LOW HITPOINT WARNING * * *
You feel sick.
You are no longer poisoned.
The foxfire hits the hobgoblin.
You kill the hobgoblin!
The foxfire hits the adder.
You kill the adder!
Your Spellcasting skill increases to level 3!
Your Fire Magic skill increases to level 4!
A bat comes into view.
The bat moves out of view.
You see here a rat corpse.
Found a shiny tower shield.
The bat hits you.
* * * LOW HITPOINT WARNING * * *
You hit the bat.
The bat is severely wounded.
The bat closely misses you.
You closely miss the bat.
The bat is severely wounded.
The bat closely misses you.
Casting: Foxfire (safe; 6% risk of failure)
Confirm with . or Enter, or press ? or * to list all spells.
You conjure some foxfire!
The bat hits you.
You die...

* ####. .....
* *......
*[.....
########......
#.............
#..†..........
**
#..†.v@.......
,
#.)..vb.......
#.............
,,
#.......######
, #.......# ,
#.......# *
######+## * ,
* * ~


You could see a bat (ally target).

Vanquished Creatures
  An adder (D:2)
  A ball python (D:1)
  A goblin (D:2)
  A hobgoblin (D:2)
  A quokka (D:2)
  A rat (D:2)
6 creatures vanquished.

Vanquished Creatures (others)
  13 foxfires
13 creatures vanquished.

Grand Total: 19 creatures vanquished

Notes
Turn   | Place    | Note
-------+----------+-------------------------------------------
     0 | D:1      | hawla the Meteoran Fire Elementalist began the quest for
                  | the Orb.
     0 | D:1      | Reached XP level 1. HP: 14/14 MP: 5/5
    28 | D:2      | Reached XP level 2. HP: 7/20 MP: 2/6
    29 | D:2      | HP: 1/20 [poisoned by an adder]
    30 | D:2      | Reached skill level 4 in Fire Magic
    34 | D:2      | HP: 1/20 [bat (1)]
    37 | D:2      | Slain by a bat

Illustrated notes

Levels and vault maps discovered:
D:1:      heliophobic_arrival_henge, layout_loops_corners
D:2:      layout_basic, serial_shops, nicolae_lakefront_shop,
          nicolae_shop_hallway_plus, hangedman_decor_clover_reticule,
          nrook_mini_vaults, corexii_corridor_pit

Skill      XL: |  1  2 |
---------------+-------+-----
Spellcasting   | 3 |  3.0
Fire Magic     | 4 |  4.3
Dodging        | |  2.5
Stealth        | |  1.4
Conjurations   | |  1.2

Action                   || total
-------------------------++-------
Melee: Unarmed           ||     6
 Cast: Foxfire           ||     8
Armor: Robe              ||     1
Dodge: Dodged            ||     9
